 Dungeon Crawl Stone Soup version 0.20.1-1-g8b1a95d66d (webtiles) character file.

155 Peloso the Shield-Bearer (level 5, -6/36 HPs)
             Began as a Halfling Fighter on Dec 2, 2017.
             Killed from afar by Ijyb (18 damage)
             ... with a wand of lightning (?/15)
             ... on level 3 of the Dungeon.
             The game lasted 00:05:29 (2353 turns).

Peloso the Shield-Bearer (Halfling Fighter)         Turns: 2353, Time: 00:05:30

Health: -6/36      AC:  9    Str: 18    XL:     5   Next: 63%
Magic:  5/5        EV:  9    Int:  6    God:
Gold:   164        SH: 10    Dex: 14    Spells: 4/4 levels left

rFire    . . .     SeeInvis .   a - +0 long sword
rCold    . . .     Gourm    .   c - +0 shield
rNeg     . . .     Faith    .   b - +0 scale mail
rPois    .         Spirit   .   o - +0 helmet
rElec    .         Reflect  .   (no cloak)
rCorr    .         Harm     .   h - +0 pair of gloves
MR       .....                  (no boots)
Stlth    ..........             (no amulet)
Regen    0.2/turn               (no ring)
MPRegen  0.1/turn               (no ring)

@: no status effects
A: mutation resistance 1
a: no special abilities


You were on level 3 of the Dungeon.
You were not hungry.

You visited 1 branch of the dungeon, and saw 3 of its levels.

You collected 164 gold pieces.

Inventory:

Hand Weapons
 a - a +0 long sword (weapon)
 v - a +2 short sword of flaming
Armour
 b - a +0 scale mail (worn)
 c - a +0 shield (worn)
 h - a +0 pair of gloves (worn)
 o - a +0 helmet (worn)
Scrolls
 i - a scroll of identify
 l - a scroll of recharging
 p - a scroll of blinking {unknown}
 q - a scroll of remove curse {unknown}
 r - a scroll of teleportation {unknown}
 s - a scroll of amnesia {unknown}
 t - a scroll of magic mapping {unknown}
 u - a scroll of enchant weapon {unknown}
Potions
 d - a potion of might
 e - 2 potions of heal wounds
 g - a potion of haste {unknown}
 j - a potion of magic
 k - 3 potions of curing
Comestibles
 f - 3 bread rations
 m - a royal jelly
 n - a meat ration


   Skills:
 + Level 3.1 Fighting
 + Level 2.9 Long Blades
 + Level 4.2 Armour
 + Level 1.0 Dodging
 + Level 4.6 Shields


You had 4 spell levels left.
You didn't know any spells.

Dungeon Overview and Level Annotations

Branches:
Dungeon (3/15)

Altars:
Dithmenos
Xom
The Shining One

Annotations:
D:3 Ijyb


Innate Abilities, Weirdness & Mutations

You are small and have problems with some larger weapons.
You are somewhat resistant to further mutation.


Message History

Eating a chunk of flesh.
You eat the chunk of flesh.
This raw flesh tastes terrible.
A rat comes into view.
A rat is nearby!
A rat is nearby!
You block the rat's attack.
You slash the rat!
You kill the rat!
Found 13 gold pieces.
Ijyb the Twisted Goblin comes into view.
She is wielding a club.
Ijyb shouts!
Ijyb zaps a wand.
The bolt of lightning misses you.
It is a wand of lightning (?/15).
Ijyb is nearby!
Ijyb is nearby!
Ijyb zaps a wand.
The bolt of lightning hits you!
Ouch! That really hurt!
You barely miss Ijyb.
Ijyb zaps a wand.
The bolt of lightning hits you!
Ouch! That really hurt!
You die...

#..#.#.#.#.#
#....#.#.#.##### #
##.....#.......#
#.########.......#
#................#
#..........#.#####
#..........#.#
#..........#.#
#......@...#.#
#...$..g...#
#..........#
#..........#
#............
##........##..
#........# ...
#........# ..


You could see Ijyb.

Vanquished Creatures
  A howler monkey (D:3)
  Robin (D:3)
  2 adders (D:3)
  4 worms
  An orc (D:3)
  A ball python (D:1)
  13 bats
  A giant cockroach (D:1)
  17 goblins
  10 hobgoblins
  8 kobolds
  4 quokkas
  A frilled lizard (D:1)
  4 rats
68 creatures vanquished.

Notes
Turn   | Place    | Note
-------+----------+-------------------------------------------
     0 | D:1      | Peloso the Halfling Fighter began the quest for the Orb.
     0 | D:1      | Reached XP level 1. HP: 15/15 MP: 1/1
   367 | D:1      | Reached XP level 2. HP: 19/20 MP: 2/2
   661 | D:1      | Reached XP level 3. HP: 20/25 MP: 3/3
   934 | D:2      | Found a shadowy altar of Dithmenos.
  1337 | D:2      | Reached XP level 4. HP: 30/30 MP: 4/4
  1730 | D:2      | Found a glowing golden altar of the Shining One.
  1837 | D:3      | Noticed Robin
  1856 | D:3      | Killed Robin
  1971 | D:3      | Reached XP level 5. HP: 34/36 MP: 5/5
  2136 | D:3      | Reached skill level 1 in Dodging
  2145 | D:3      | Found a shimmering altar of Xom.
  2348 | D:3      | Noticed Ijyb
  2353 | D:3      | Killed from afar by Ijyb

Skill      XL: |  1  2  3  4  5 |
---------------+----------------+-----
Shields        | 4 |  4.6
Fighting       | 3 |  3.1
Armour         | 4 |  4.2
Dodging        | 1 |  1.0
Long Blades    | |  2.9

Action                   |  1- 3 |  4- 6 || total
-------------------------+-------+-------++-------
Melee: Long sword        |   146 |   102 ||   248
  Use: Scroll            |       |     5 ||     5
  Eat: Chunk             |     1 |     4 ||     5
Armor: Scale mail        |    82 |    32 ||   114
Dodge: Dodged            |    89 |    44 ||   133
Block: Shield            |   148 |    69 ||   217
       Rpst.: Long sword |    24 |    16 ||    40
